 Dungeon Crawl Stone Soup version 0.21.0-3-g78d12a8 (webtiles) character file.

57 robertstho the Magician (level 3, -1/19 HPs)
             Began as a Deep Elf Wizard on Jan 15, 2018.
             Slain by an adder (5 damage)
             ... on level 1 of the Dungeon.
             The game lasted 00:11:11 (2044 turns).

robertstho the Magician (Deep Elf Wizard)           Turns: 2044, Time: 00:11:12

Health: -1/19      AC:  3    Str:  4    XL:     3   Next: 73%
Magic:  1/12       EV: 13    Int: 23    God:
Gold:   111        SH:  0    Dex: 13    Spells: 1/14 levels left

rFire    . . .     SeeInvis .   h - +1 short sword
rCold    . . .     Gourm    .   (no shield)
rNeg     . . .     Faith    .   a - +0 robe
rPois    .         Spirit   .   b - +1 hat
rElec    .         Reflect  .   (no cloak)
rCorr    .         Harm     .   (no gloves)
MR       .....                  (no boots)
Stlth    ++........             (no amulet)
HPRegen  0.06/turn              q - ring of wizardry
MPRegen  0.13/turn              (no ring)

@: drained
A: no striking features
a: no special abilities


You were on level 1 of the Dungeon.
You were not hungry.

You visited 1 branch of the dungeon, and saw 2 of its levels.

You collected 111 gold pieces.

Inventory:

Hand Weapons
 h - a +1 short sword (weapon)
 m - a +0 whip
Missiles
 f - 26 sling bullets
 i - 10 bolts
Armour
 a - a +0 robe (worn)
 b - a +1 hat (worn)
Jewellery
 q - a ring of wizardry (left hand)
Potions
 g - 2 potions of flight
Books
 c - a book of Minor Magic

   Spells                             Type                      Level
   a - Magic Dart                     Conjuration                  1
   b - Blink                          Translocation                2
   c - Call Imp                       Summoning                    2
   d - Slow                           Hexes                        2
   e - Conjure Flame                  Conjuration/Fire             3
   f - Mephitic Cloud                 Conjuration/Poison/Air       3
Comestibles
 d - a ration


   Skills:
 + Level 3.0(2.8) Dodging
 - Level 2.4(2.2) Stealth
 * Level 6.1(6.0) Spellcasting
 + Level 1.3(1.2) Conjurations
 + Level 1.1(0.9) Summonings
 + Level 1.1(0.9) Translocations


You had one spell level left.
You knew the following spells:

 Your Spells              Type           Power        Failure   Level  Hunger
a - Magic Dart            Conj           ##..         2%          1    None
b - Blink                 Tloc           N/A          3%          2    None
c - Call Imp              Summ           ##......     3%          2    None
d - Slow                  Hex            #.......     5%          2    None
e - Conjure Flame         Conj/Fire      #.......     9%          3    #......
f - Mephitic Cloud        Conj/Pois/Air  #.......     9%          3    #......


Dungeon Overview and Level Annotations

Branches:
Dungeon (2/15)

Altars:
Fedhas
Ru


Message History

The adder is moderately wounded.
The adder completely misses you.
Casting: Magic Dart
Confirm with . or Enter, or press ? or * to list all spells.
Aiming: Magic Dart
Press: ? - help, Shift-Dir - straight line, f/p - adder
Aim: an adder (moderately wounded)
The magic dart hits the adder.
The adder is heavily wounded.
The adder bites you but does no damage. The adder misses you.
You closely miss the adder.
The adder is heavily wounded.
The adder barely misses you.
You barely miss the adder.
The adder is heavily wounded.
The adder misses you.
You miss the adder.
The adder is heavily wounded.
The adder bites you.
You die...

#.# ##..........
##.######...#####.
#...............#.
#.#.#####.#####.#.
#.#.# #.# #.#.
#.#.# #.# ##.#.
#.#># #.####...#
#.#.# #...##.#..
#@#.# ###.##...#
#S#.# #.###.##
#.#.# #.###.##
#.#.#######.##...#
#.#............#..
#.############...#
#.# ##.## #.# #.#
#.#############.#


You could see an adder.

Vanquished Creatures
  An adder (D:2)
  3 worms (D:2)
  A dart slug (D:1)
  4 leopard geckos
  4 bats
  A giant cockroach (D:1)
  4 hobgoblins
  A frilled lizard (D:1)
  6 goblins
  4 kobolds
  4 rats (D:1)
33 creatures vanquished.

Notes
Turn   | Place    | Note
-------+----------+-------------------------------------------
     0 | D:1      | robertstho the Deep Elf Wizard began the quest for the Orb.
     0 | D:1      | Reached XP level 1. HP: 10/10 MP: 7/7
    52 | D:1      | Reached skill level 5 in Spellcasting
   235 | D:1      | Reached XP level 2. HP: 15/15 MP: 7/10
   239 | D:1      | Learned a level 2 spell: Blink
   242 | D:1      | Learned a level 2 spell: Call Imp
   245 | D:1      | Learned a level 2 spell: Slow
   769 | D:2      | Reached XP level 3. HP: 19/19 MP: 6/12
   785 | D:2      | Learned a level 3 spell: Conjure Flame
   789 | D:2      | Learned a level 3 spell: Mephitic Cloud
  1456 | D:2      | Reached skill level 6 in Spellcasting
  1474 | D:2      | Noticed a scorpion
  1927 | D:2      | Found a sacrificial altar of Ru.
  1929 | D:2      | Found a blossoming altar of Fedhas.
  2044 | D:1      | Slain by an adder

Skill      XL: |  1  2  3 |
---------------+----------+-----
Spellcasting   | 5 6 |  6.1
Dodging        | 3 |  3.0
Stealth        | |  2.4
Conjurations   | |  1.3
Summonings     | |  1.1
Translocations | |  1.1

Action                   || total
-------------------------++-------
Melee: Club              ||    14
       Short sword       ||     7
 Cast: Magic Dart        ||   102
       Mephitic Cloud    ||     7
       Conjure Flame     ||     4
       Blink             ||     3
  Use: Scroll            ||     6
       Potion            ||     3
  Eat: Chunk             ||     2
       Ration            ||     1
Armor: Robe              ||     4
Dodge: Dodged            ||    43
